 Dungeon Crawl Stone Soup version 0.31-a0-214-gb37851dbb3 (webtiles) character file.

Game seed: 8601010737778567335

13771 qw the Skirmisher (level 11, -10/100 HPs)
             Began as a Minotaur Hexslinger on July 1, 2023.
             Was an Elder of Okawaru.
             Killed from afar by an oklob plant (25 damage)
             ... with a splash of acid
             ... on level 2 of the Lair of Beasts.
             The game lasted 00:04:50 (11205 turns).

qw the Skirmisher (Minotaur Hexslinger)            Turns: 11205, Time: 00:04:51

Health: -10/100    AC: 14    Str: 13    XL:     11   Next: 80%
Magic:  14/15      EV: 22    Int: 10    God:    Okawaru [****..]
Gold:   430        SH:  5    Dex: 17    Spells: 11/12 levels left

rFire   . . .        Y - +3 shortbow
rCold   . . .        (shield currently unavailable)
rNeg    . . .        l - +0 swamp dragon scales
rPois   +            (helmet restricted)
rElec   .            (no cloak)
rCorr   .            p - +1 pair of gloves
SInv    +            c - +0 pair of boots
Will    .....        q - amulet of reflection
Stlth   ++           f - ring of see invisible
HPRegen 0.36/turn    a - +5 ring of evasion
MPRegen 0.14/turn

%: reflection
@: heroic
A: horns 2, retaliatory headbutt
a: Renounce Religion, Heroism, Finesse


You were on level 2 of the Lair of Beasts.
You worshipped Okawaru.
Okawaru was greatly pleased with you.
You visited 3 branches of the dungeon, and saw 11 of its levels.

You collected 430 gold pieces.


Innate Abilities, Weirdness & Mutations

You have a pair of horns on your head.
You reflexively headbutt those who attack you in melee.


   Skills:
 + Level 10.2(15.2) Fighting
 - Level 14.0(19.0) Ranged Weapons
 - Level 7.0(12.0) Armour
 - Level 8.0(13.0) Dodging
 - Level 1.0 Spellcasting
 - Level 2.0 Hexes
 + Level 7.0 Invocations


You had 11 spell levels left.
You knew the following spells:

 Your Spells              Type           Power      Damage    Failure   Level
a - Slow                  Hex            16%        N/A       26%         1

Your spell library contained the following spells:

 Spells                   Type           Power      Damage    Failure   Level
 Inner Flame              Hex/Fire       2%         N/A       75%         3
 Portal Projectile        Hex/Tloc       4%         N/A       75%         3
 Cause Fear               Hex            2%         N/A       95%         4

Inventory:

Hand Weapons
 Y - a +3 shortbow (weapon)
Armour
 c - a +0 pair of boots (worn)
 l - +0 swamp dragon scales (worn)
 p - a +1 pair of gloves (worn)
Jewellery
 a - a +5 ring of evasion (right hand)
 f - a ring of see invisible (left hand)
 m - a +4 ring of protection
 q - an amulet of reflection (around neck)
Wands
 i - a wand of digging (4)
Scrolls
 b - a scroll of identify
Potions
 d - a potion of might
 g - a potion of resistance
 h - 2 potions of mutation
 j - a potion of enlightenment {unknown}
 k - 8 potions of curing
 r - a potion of magic {unknown}

Dungeon Overview and Level Annotations

Branches:
Dungeon (8/15)             Temple (1/1) D:6            Lair (2/5) D:8
  Swamp: Lair:2-3    Shoals: Lair:2-3     Snake: Lair:2-3    Spider: Lair:2-3

Altars:
Ashenzari
Cheibriados
Dithmenos
Elyvilon
Fedhas
Gozag
Hepliaklqana
Kikubaaqudgha
Makhleb
Nemelex Xobeh
Okawaru
Qazlal
Ru
Sif Muna
Trog
Uskayaw
Vehumet
Wu Jian
Xom
Yredelemnul
Zin
The Shining One

Annotations:
D:4 1 runed translucent door, Crazy Yiuf
D:5 3 runed translucent doors, 2 transporters, qw's ghost, novice GrFi
D:6 Dowan; Duvessa


Message History

The arrow hits the water moccasin.
The water moccasin is lightly wounded.
You shoot an arrow.
The arrow closely misses the water moccasin.
You shoot an arrow.
The arrow closely misses the water moccasin.
11198 ||| READING scroll of teleportation.
As you read the scroll of teleportation, it crumbles to dust.
You feel strangely unstable.
You shoot an arrow. The arrow misses the water moccasin.
The water moccasin completely misses you.
You furiously retaliate!
You headbutt the water moccasin.
The water moccasin completely misses you.
You shoot an arrow. The arrow misses the water moccasin.
The water moccasin misses you. You furiously retaliate!
You headbutt the water moccasin. You shoot an arrow.
The arrow misses the water moccasin.
Your surroundings suddenly seem different.
A floating eye and 3 oklob plants come into view.
Found four items.
Found an escape hatch in the floor.
The floating eye turns its gaze towards you.
The floating eye's stare focuses on you.
Enter note:
Enter note:
Enter note:
Enter note: You shoot an arrow.
The arrow hits the oklob plant!
The oklob plant is moderately damaged.
You shoot an arrow. The arrow hits the oklob plant.
The oklob plant is moderately damaged.
You shoot an arrow.
The arrow completely misses the oklob plant.
The arrow hits the floating eye.
The floating eye is heavily wounded.
You shoot an arrow.
The arrow hits the oklob plant but does no damage.
The oklob plant is moderately damaged.
The oklob plant spits acid at you. The splash of acid hits you!!
You die...

###...
###..............
#.....(.....P.
#.#.....PPPPP.
#......P>P.PP
#.....PPG....
#......PP!.$P
#.......PPPPP
#...@...PPP.
#............
#............
#.............
#.............
...............
.#.......#P....
##....#####.#.


You could see 3 oklob plants and a floating eye (charged).

Vanquished Creatures
  2 two-headed ogres (D:8)
  7 elephants
  A torpor snail (Lair:2)
  3 cane toads
  Maggie (Lair:1)
  A komodo dragon (Lair:1)
  A queen bee (Lair:1)
  A hornet (D:7)
  4 blink frogs (Lair:1)
  Sigmund (D:4)
  6 spriggans (D:8)
  8 yaks
  3 wyverns
  2 steam dragons (D:8)
  Menkaure (D:6)
  5 water moccasins
  2 orc warriors (D:8)
  An ice beast (D:6)
  2 sky beasts (D:8)
  3 black bears
  An ogre (D:4)
  3 centaurs
  2 bullfrogs
  3 scorpions
  A gnoll sergeant (D:8)
  A wight (D:8)
  27 killer bees
  4 howler monkeys
  5 hounds
  A jelly (D:5)
  5 orc priests
  2 gnoll boudas
  3 iguanas
  Natasha (twice) (D:2)
  10 orc wizards
  A hound skeleton (D:2)
  11 gnolls
  6 adders
  2 shadow imps
  An ufetubus (D:6)
  An adder skeleton (D:2)
  An adder zombie (D:2)
  6 dart slugs
  43 orcs
  7 bats
  A bat skeleton (D:2)
  9 endoplasms
  A giant cockroach (D:2)
  6 goblins
  5 hobgoblins
  3 jackals (D:2)
  6 kobolds
  4 quokkas
  12 ball pythons
  2 ball python skeletons (D:2)
  A frilled lizard (D:2)
  2 rats
256 creatures vanquished.

Notes
Turn   | Place    | Note
-------+----------+-------------------------------------------
     0 | D:1      | qw the Minotaur Hexslinger began the quest for the Orb.
     0 | D:1      | Reached XP level 1. HP: 16/16 MP: 1/1
     0 | D:1      | 0 ||| qw: Version: 0.3-a-32-g5962c71
     0 | D:1      | 0 ||| qw: Game counter: 7652
     0 | D:1      | 0 ||| qw: Melee chars always use a shield: true
     0 | D:1      | 0 ||| qw: God list: Okawaru
     0 | D:1      | 0 ||| qw: Allow faded altars: false
     0 | D:1      | 0 ||| qw: Do Orc after clearing Dungeon:15 true
     0 | D:1      | 0 ||| qw: Do second Lair branch before Depths: true
     0 | D:1      | 0 ||| qw: Lair rune preference: random
     0 | D:1      | 0 ||| qw: Goals: Normal
     0 | D:1      | 0 ||| PLANNING D:1-11
   104 | D:1      | Reached skill level 3 in Ranged Weapons
   131 | D:1      | Reached XP level 2. HP: 14/23 MP: 2/2
   134 | D:1      | HP: 4/23 [goblin/+0 club (3)]
   437 | D:1      | Reached XP level 3. HP: 29/29 MP: 3/3
   583 | D:1      | Found a faded altar of an unknown god.
   590 | D:1      | 590 ||| UPGRADING to +0 leather armour.
   600 | D:1      | 600 ||| DROPPING +0 robe.
   601 | D:1      | 601 ||| UPGRADING to +0 ring mail.
   611 | D:1      | 611 ||| DROPPING +0 leather armour.
   612 | D:1      | 612 ||| UPGRADING to ring of resist corrosion.
   613 | D:1      | 613 ||| READING scroll labelled CAICETOUVU.
   614 | D:1      | 614 ||| READING scroll labelled SIETHR NEAFF.
   617 | D:1      | 617 ||| READING scroll labelled XIVVAO NIEMP.
   618 | D:1      | 618 ||| DRINKING 2 green potions.
   626 | D:1      | 626 ||| DRINKING 2 clear potions.
   627 | D:1      | 627 ||| DROPPING scroll of poison.
   628 | D:1      | 628 ||| DROPPING potion of ambrosia.
   665 | D:2      | 665 ||| UPGRADING to +5 ring of evasion.
   675 | D:2      | Reached skill level 4 in Ranged Weapons
   734 | D:2      | Reached skill level 1 in Armour
  1220 | D:2      | 1220 ||| UPGRADING to +0 pair of boots.
  1225 | D:2      | 1225 ||| UPGRADING to ring of see invisible.
  1227 | D:2      | 1227 ||| READING scroll labelled WEDDAMN RUPY.
  1228 | D:2      | 1228 ||| READING 2 scrolls of identify.
  1228 | D:2      | 1228 ||| IDENTIFYING fizzy emerald potion
  1287 | D:2      | Reached XP level 4. HP: 36/36 MP: 4/4
  1394 | D:2      | Noticed Natasha
  1407 | D:2      | Killed Natasha
  1408 | D:2      | Reached skill level 5 in Ranged Weapons
  1470 | D:2      | Identified the +0 dagger "Rafuypp" {pain, rF++ rC+ rN+
                  | Int+2}
  1785 | D:2      | Noticed Natasha
  1790 | D:2      | Killed Natasha
  1791 | D:2      | Reached skill level 3 in Fighting
  1791 | D:2      | Reached XP level 5. HP: 42/45 MP: 5/5
  1989 | D:2      | 1989 ||| READING scroll labelled EMIC VYUTIFF.
  2038 | D:3      | 2038 ||| STAIRDANCE
  2346 | D:3      | Reached skill level 6 in Ranged Weapons
  2439 | D:3      | 2439 ||| Stepping ~*~*~tactically~*~*~ (outnumbered).
  2632 | D:3      | Found a broken altar of Ashenzari.
  2632 | D:3      | Found a shimmering altar of Xom.
  2637 | D:3      | Reached XP level 6. HP: 52/52 MP: 6/6
  2763 | D:3      | 2763 ||| UPGRADING to +0 pair of gloves.
  2768 | D:3      | 2768 ||| DROPPING +6 ring of intelligence.
  2789 | D:4      | 2789 ||| STAIRDANCE
  2848 | D:4      | 2848 ||| STAIRDANCE
  3066 | D:4      | Noticed Sigmund
  3068 | D:4      | 3068 ||| FLEEEEING.
  3072 | D:4      | 3072 ||| DRINKING 2 potions of curing.
  3072 | D:4      | 3072 ||| (to cure confusion)
  3076 | D:4      | 3076 ||| DRINKING potion of curing.
  3076 | D:4      | 3076 ||| (to cure confusion)
  3088 | D:4      | Killed Sigmund
  3089 | D:4      | Reached skill level 7 in Ranged Weapons
  3089 | D:4      | Reached XP level 7. HP: 40/59 MP: 7/7
  3515 | D:4      | Reached skill level 8 in Ranged Weapons
  3907 | D:4      | 3907 ||| FLEEEEING.
  3908 | D:4      | 3908 ||| FLEEEEING.
  3961 | D:4      | Found a runed translucent door.
  3962 | D:4      | Noticed Crazy Yiuf
  4122 | D:4      | 4122 ||| READING scroll labelled ELAHEWASIACK.
  4123 | D:4      | 4123 ||| READING 4 scrolls of identify.
  4123 | D:4      | 4123 ||| IDENTIFYING lumpy coppery potion
  4124 | D:4      | 4124 ||| READING 3 scrolls of identify.
  4124 | D:4      | 4124 ||| IDENTIFYING brown potion
  4125 | D:4      | 4125 ||| READING 2 scrolls of identify.
  4125 | D:4      | 4125 ||| IDENTIFYING orange potion
  4126 | D:4      | 4126 ||| DROPPING potion of invisibility.
  4187 | D:5      | Entered Level 5 of the Dungeon
  4195 | D:5      | 4195 ||| STAIRDANCE
  4289 | D:5      | Found a runed translucent gate.
  4289 | D:5      | Found a runed translucent gate.
  4295 | D:5      | Found a transporter.
  4312 | D:5      | HP: 10/61 [centaur/arrow (8)]
  4313 | D:5      | 4313 ||| READING 3 scrolls of teleportation.
  4313 | D:5      | HP: 3/61 [centaur/arrow (7)]
  4314 | D:5      | 4314 ||| DRINKING 2 potions of heal wounds.
  4342 | D:5      | HP: 13/61 [centaur/arrow (3)]
  4343 | D:5      | 4343 ||| READING 2 scrolls of teleportation.
  4344 | D:5      | 4344 ||| DRINKING potion of heal wounds.
  4347 | D:5      | Reached skill level 9 in Ranged Weapons
  4347 | D:5      | Reached XP level 8. HP: 48/68 MP: 8/8
  4420 | D:5      | Found a transporter.
  4552 | D:5      | 4552 ||| SWAPPING to +0 shortbow.
  4553 | D:5      | 4553 ||| DROPPING +1 sling.
  4563 | D:5      | Reached skill level 3 in Dodging
  4731 | D:5      | Reached skill level 6 in Fighting
  4794 | D:5      | Found a runed translucent gate.
  4795 | D:5      | Found an opulent altar of Gozag.
  4797 | D:5      | Noticed qw's ghost (novice GrFi)
  4799 | D:5      | 4799 ||| READING scroll labelled ZACHYT RO VOORPH.
  4971 | D:6      | Noticed Dowan
  4971 | D:6      | Noticed Duvessa
  4975 | D:6      | 4975 ||| Stepping ~*~*~tactically~*~*~ (outnumbered).
  4997 | D:6      | HP: 17/71 [gnoll/+0 club (6)]
  4998 | D:6      | 4998 ||| READING 4 scrolls of teleportation.
  5002 | D:6      | Found a white marble altar of Elyvilon.
  5199 | D:6      | Found a staircase to the Ecumenical Temple.
  5200 | D:6      | 5200 ||| PLANNING TEMPLE
  5200 | D:6      | 5200 ||| READING scroll labelled WIEPARCH EDIKH.
  5316 | Temple   | Entered the Ecumenical Temple
  5340 | Temple   | 5340 ||| PLANNING OKAWARU WORSHIP
  5390 | Temple   | Became a worshipper of Warmaster Okawaru
  5391 | Temple   | 5391 ||| PLANNING D:1-11
  5422 | D:6      | Reached skill level 10 in Ranged Weapons
  5462 | D:6      | Noticed Menkaure
  5470 | D:6      | Killed Menkaure
  5701 | D:6      | 5701 ||| READING scroll of enchant weapon.
  5701 | D:6      | 5701 ||| ENCHANTING +1 shortbow.
  5824 | D:6      | Found a stormy altar of Qazlal.
  5863 | D:6      | 5863 ||| READING scroll labelled XIS WUDAIRIENI.
  5864 | D:6      | 5864 ||| READING scroll labelled TIWKAH XULO.
  5883 | D:6      | Reached XP level 9. HP: 66/79 MP: 9/9
  5883 | D:6      | 5883 ||| FLEEEEING.
  5884 | D:6      | 5884 ||| FLEEEEING.
  5977 | D:7      | Reached * piety under Okawaru
  6056 | D:7      | Reached skill level 1 in Invocations
  6216 | D:7      | Found a snail-covered altar of Cheibriados.
  6225 | D:7      | 6225 ||| INVOKING Heroism.
  6337 | D:7      | 6337 ||| INVOKING Heroism.
  6337 | D:7      | Paralysed by a hornet for 1 turns
  6339 | D:7      | HP: 19/79 [poisoned by a hornet]
  6355 | D:7      | 6355 ||| FLEEEEING.
  6550 | D:7      | Found a blossoming altar of Fedhas.
  6556 | D:7      | Found an ornate altar of the Wu Jian Council.
  6561 | D:7      | Found a hide-covered altar of Uskayaw.
  6900 | D:7      | 6900 ||| READING scroll labelled NAUDOE RECAEBE.
  6941 | D:8      | Reached skill level 3 in Invocations
  6947 | D:8      | Reached skill level 11 in Ranged Weapons
  6947 | D:8      | 6947 ||| FLEEEEING.
  6950 | D:8      | 6950 ||| STAIRDANCE
  7080 | D:8      | Found a staircase to the Lair.
  7102 | D:8      | Noticed a two-headed ogre
  7103 | D:8      | 7103 ||| INVOKING Heroism.
  7118 | D:8      | Killed a two-headed ogre
  7224 | D:8      | 7224 ||| INVOKING Heroism.
  7233 | D:8      | 7233 ||| Stepping ~*~*~tactically~*~*~ (outnumbered).
  7290 | D:8      | 7290 ||| READING scroll of enchant weapon.
  7290 | D:8      | 7290 ||| ENCHANTING +2 shortbow.
  7326 | D:8      | 7326 ||| INVOKING Heroism.
  7329 | D:8      | 7329 ||| Stepping ~*~*~tactically~*~*~ (outnumbered).
  7335 | D:8      | Reached skill level 12 in Ranged Weapons
  7343 | D:8      | 7343 ||| INVOKING Heroism.
  7520 | D:8      | Noticed a two-headed ogre
  7521 | D:8      | 7521 ||| INVOKING Heroism.
  7533 | D:8      | Killed a two-headed ogre
  7534 | D:8      | Reached XP level 10. HP: 30/90 MP: 10/12
  7575 | D:8      | 7575 ||| INVOKING Heroism.
  7914 | D:8      | Reached ** piety under Okawaru
  7995 | D:8      | 7995 ||| Stepping ~*~*~tactically~*~*~ (cloud).
  7998 | D:8      | 7998 ||| INVOKING Heroism.
  8005 | D:8      | 8005 ||| Stepping ~*~*~tactically~*~*~ (cloud).
  8038 | D:8      | 8038 ||| INVOKING Heroism.
  8040 | D:8      | HP: 19/90 [steam dragon] (5)]
  8041 | D:8      | 8041 ||| Stepping ~*~*~tactically~*~*~ (cloud).
  8246 | D:8      | 8246 ||| READING scroll of enchant armour.
  8246 | D:8      | 8246 ||| ENCHANTING +0 pair of gloves.
  8368 | D:8      | Reached skill level 13 in Ranged Weapons
  8434 | D:8      | 8434 ||| INVOKING Heroism.
  8445 | D:8      | Reached skill level 9 in Fighting
  8649 | D:8      | 8649 ||| PLANNING LAIR
  8649 | D:8      | 8649 ||| DROPPING +1 pair of gloves.
  8650 | D:8      | 8650 ||| UPGRADING to +0 steam dragon scales.
  8660 | D:8      | 8660 ||| DROPPING +0 ring mail.
  8661 | D:8      | 8661 ||| DROPPING +1 pair of gloves.
  8662 | D:8      | 8662 ||| UPGRADING to amulet of reflection.
  8667 | D:8      | 8667 ||| READING scroll labelled ZUADIS UNORRO.
  8768 | D:8      | 8768 ||| READING scroll labelled KOTEGANO AWOR.
  8769 | D:8      | 8769 ||| DRINKING 2 emerald potions.
  8770 | D:8      | 8770 ||| READING 4 scrolls of identify.
  8770 | D:8      | 8770 ||| IDENTIFYING puce potion
  8771 | D:8      | 8771 ||| READING 3 scrolls of identify.
  8771 | D:8      | 8771 ||| IDENTIFYING amethyst potion
  8772 | D:8      | 8772 ||| READING 2 scrolls of identify.
  8772 | D:8      | 8772 ||| IDENTIFYING golden potion
  8773 | D:8      | 8773 ||| DROPPING potion of brilliance.
  8774 | D:8      | 8774 ||| DROPPING potion of lignification.
  8775 | D:8      | 8775 ||| DROPPING potion of attraction.
  8798 | Lair:1   | Entered Level 1 of the Lair of Beasts
  8799 | Lair:1   | 8799 ||| INVOKING Heroism.
  8810 | Lair:1   | Reached skill level 6 in Dodging
  8951 | Lair:1   | Noticed Maggie
  8952 | Lair:1   | Noticed a cane toad
  8953 | Lair:1   | 8953 ||| INVOKING Heroism.
  8970 | Lair:1   | Killed Maggie
  8978 | Lair:1   | Killed a cane toad
  8978 | Lair:1   | Reached *** piety under Okawaru
  9132 | Lair:1   | 9132 ||| INVOKING Heroism.
  9150 | Lair:1   | Reached skill level 14 in Ranged Weapons
  9214 | Lair:1   | Reached XP level 11. HP: 97/97 MP: 13/13
  9320 | Lair:1   | 9320 ||| INVOKING Heroism.
  9334 | Lair:1   | HP: 17/97 [elephant (14)]
  9335 | Lair:1   | 9335 ||| READING 3 scrolls of teleportation.
  9633 | Lair:1   | 9633 ||| INVOKING Heroism.
  9656 | Lair:1   | HP: 24/99 [poisoned by a queen bee]
  9657 | Lair:1   | 9657 ||| READING 3 scrolls of teleportation.
  9659 | Lair:1   | HP: 11/99 [poisoned by a killer bee]
  9663 | Lair:1   | 9663 ||| DRINKING 7 potions of curing.
  9663 | Lair:1   | 9663 ||| (to cure poison)
  9924 | Lair:1   | Reached **** piety under Okawaru
 10253 | Lair:1   | 10253 ||| INVOKING Heroism.
 10421 | Lair:1   | 10421 ||| INVOKING Heroism.
 10738 | Lair:1   | 10738 ||| UPGRADING to +0 swamp dragon scales.
 10748 | Lair:1   | 10748 ||| DROPPING +0 steam dragon scales.
 10749 | Lair:1   | 10749 ||| DROPPING ring of resist corrosion.
 10750 | Lair:1   | 10750 ||| DROPPING ring of positive energy.
 10889 | Lair:2   | 10889 ||| INVOKING Heroism.
 10912 | Lair:2   | 10912 ||| INVOKING Heroism.
 10918 | Lair:2   | Reached skill level 6 in Invocations
 10923 | Lair:2   | Reached skill level 6 in Armour
 10993 | Lair:2   | 10993 ||| INVOKING Heroism.
 11158 | Lair:2   | 11158 ||| INVOKING Heroism.
 11186 | Lair:2   | HP: 23/100 [yak[a torpor snail] (10)]
 11187 | Lair:2   | 11187 ||| READING 2 scrolls of teleportation.
 11189 | Lair:2   | HP: 10/100 [yak[a torpor snail] (4)]
 11194 | Lair:2   | 11194 ||| INVOKING Heroism.
 11198 | Lair:2   | 11198 ||| READING scroll of teleportation.
 11201 | Lair:2   | Noticed an oklob plant
 11201 | Lair:2   | Noticed an oklob plant
 11201 | Lair:2   | Noticed an oklob plant
 11205 | Lair:2   | Killed from afar by an oklob plant

Levels and vault maps discovered:
D:1:      sevenhm_arrival_forest_fort_small_6, layout_rooms,
          dreamdust_ecumenical_altar_hidden_monk_grotto,
          minmay_tree_intersection
D:2:      layout_loops_ring, serial_co_window_serial, co_window_paths_a,
          co_window_paths_b, co_window_corner_a, co_window_cross_1,
          co_window_of_opportunity_a, co_window_2corner, co_window_2corner,
          co_window_corner_b, co_window_2corner, co_window_2corner,
          co_window_4corner_b, glass_columns_c, dilly_guarded_unrand_morg
D:3:      layout_loops_ring, amethyst_overflow_temple_binary,
          grunt_decor_mini_mirrors
D:4:      cheibrodos_quashed, layout_basic, minmay_checkerbox, uniq_sigmund,
          uniq_crazy_yiuf_cottage
D:5:      gammafunk_cloud_chamber, layout_cave_pools, ebering_ghost_gozag
D:6:      layout_basic, mainiacjoe_overflow_two_lobes,
          minmay_temple_entry_butterflies, grunt_potential, uniq_duvessa,
          uniq_menkaure
D:7:      layout_loops_ring, kennysheep_slug_shrine,
          minmay_overflow_temple_star_quad
D:8:      kb_forest_paths, layout_rooms
Temple:   eino_temple_lava
Lair:1:   layout_cave_pods, special_room [special_room_bee], uniq_maggie
Lair:2:   layout_cave_pods, minmay_swamp_entry_worms, disabler_island,
          grunt_megastairs_5

Skill      XL: |  1  2  3  4  5  6  7  8  9 10 11 |
---------------+----------------------------------+-----
Ranged Weapons | 3 4 5 6 7 9 10 12 14 | 14.0
Fighting       | 2 3 4 5 7 8 9 10 | 10.2
Armour         | 1 2 4 7 |  7.0
Dodging        | 3 4 6 8 |  8.0
Invocations    | 4 7 |  7.0
Spellcasting   | |  1.0
Hexes          | |  2.0

Action                     |  1- 3 |  4- 6 |  7- 9 | 10-12 || total
---------------------------+-------+-------+-------+-------++-------
   Fire: Sling             |   136 |   154 |   127 |       ||   417
         Shortbow          |       |       |   289 |   518 ||   807
 Invoke: Heroism           |       |       |     7 |    16 ||    23
    Use: Scroll            |     5 |     1 |    14 |    10 ||    30
         Potion            |     2 |     2 |     2 |     2 ||     8
 Armour: Robe              |     4 |       |       |       ||     4
         Ring mail         |     3 |    46 |    64 |    14 ||   127
         Steam dragon scal |       |       |       |    43 ||    43
         Swamp dragon scal |       |       |       |    24 ||    24
  Dodge: Dodged            |    32 |   149 |   250 |   458 ||   889
  Block: Other             |       |       |       |    93 ||    93

Table legend:
 A = Non-vault XP
 B = Vault XP
 C = Vault XP percentage of total XP
 D = Non-vault monster count
 E = Vault monster count
 F = Vault count percentage of total count
                 A         B        C        D         E       F
            +---------+---------+-------+---------+---------+-------
      Total |   11410 |    8264 |  42.0 |     178 |      78 |  30.5
            +---------+---------+-------+---------+---------+-------
        D:1 |      47 |       0 |   0.0 |      27 |       0 |   0.0
        D:2 |     154 |      70 |  31.2 |      30 |       7 |  18.9
        D:3 |     244 |       0 |   0.0 |      21 |       0 |   0.0
        D:4 |     476 |     231 |  32.7 |      18 |       1 |   5.3
        D:5 |     651 |       0 |   0.0 |      15 |       0 |   0.0
        D:6 |     197 |     739 |  79.0 |       8 |      19 |  70.4
        D:7 |     958 |       4 |   0.4 |      20 |       1 |   4.8
        D:8 |    2374 |    2440 |  50.7 |      18 |      15 |  45.5
     Lair:1 |    5238 |    2179 |  29.4 |      16 |      26 |  61.9
     Lair:2 |    1071 |    2601 |  70.8 |       5 |       9 |  64.3
            +---------+---------+-------+---------+---------+-------
